 Dungeon Crawl Stone Soup version 0.29.1 (webtiles) character file.

Game seed: 11374730853266853871

256 gelatine the Stinger (level 5, -3/35 HPs)
             Began as a Demonspawn Venom Mage on Sept 14, 2022.
             Was an Initiate of Vehumet.
             Killed by divine providence
             ... invoked by an orc priest
              (13 damage)
             ... on level 4 of the Dungeon.
             The game lasted 00:11:29 (3567 turns).

gelatine the Stinger (Demonspawn Venom Mage)        Turns: 3567, Time: 00:11:30

Health: -3/35      AC:  9    Str:  8    XL:     5   Next: 92%
Magic:  0/10       EV: 12    Int: 18    God:    Vehumet [......]
Gold:   103        SH:  5    Dex: 14    Spells: 5/11 levels left

rFire   . . .      SeeInvis .   i - +1 rapier (protect)
rCold   . . .      Faith    .   d - +2 buckler
rNeg    . . .      Spirit   .   q - +0 robe {Will+}
rPois   .          Reflect  .   (no helmet)
rElec   .          Harm     .   (no cloak)
rCorr   .          Rampage  .   (no gloves)
Will    +....                   (no boots)
Stlth   ++........              (no amulet)
HPRegen 0.11/turn               (no ring)
MPRegen 0.24/turn               (no ring)

@: under a protective aura
A: claws 1, powered by pain 1, magic regeneration
a: Renounce Religion


You were on level 4 of the Dungeon.
You worshipped Vehumet.
Vehumet was noncommittal.
You visited 2 branches of the dungeon, and saw 7 of its levels.

You collected 103 gold pieces.

Inventory:

Hand Weapons
 i - a +1 rapier of protection (weapon)
 m - a +2 vorpal spear
 r - a +2 dagger of draining
Missiles
 c - 4 silver boomerangs
 s - 4 silver javelins
Armour
 a - a +0 robe
 d - a +2 buckler (worn)
 k - a +0 pair of gloves
 q - a +0 robe of willpower (worn)
Jewellery
 e - a ring of fire
Scrolls
 p - a scroll of noise
Potions
 b - a potion of magic
 h - 4 potions of mutation {unknown}
 j - 2 potions of haste {unknown}
 n - a potion of curing {unknown}
 o - a potion of lignification {unknown}
 u - a potion of attraction {unknown}


   Skills:
 + Level 0.2 Fighting
 + Level 0.1 Short Blades
 + Level 0.3 Polearms
 + Level 2.1 Dodging
 + Level 1.9 Stealth
 + Level 0.3 Shields
 + Level 3.6 Spellcasting
 + Level 0.1 Conjurations
 + Level 2.4 Transmutations
 + Level 4.5 Poison Magic


You had 5 spell levels left.
You knew the following spells:

 Your Spells              Type           Power      Damage    Failure   Level
a - Sting                 Tmut/Pois      60%        1d6       4%          1
b - Poisonous Vapours     Pois/Air       22%        N/A       12%         2
c - Mephitic Cloud        Conj/Pois/Air  8%         N/A       32%         3

Your spell library contained the following spells:

 Spells                   Type           Power      Damage    Failure   Level
 Olgreb's Toxic Radiance  Pois           19%        N/A       32%         4
 Portal Projectile        Hex/Tloc       6%         N/A       54%         3
 Tukima's Dance           Hex            3%         N/A       54%         3
 Blade Hands              Tmut           5%         N/A       91%         5


Dungeon Overview and Level Annotations

Branches:
Dungeon (6/15)             Temple (1/1) D:5

Altars:
Cheibriados
Dithmenos
Fedhas
Hepliaklqana
Kikubaaqudgha
Makhleb
Nemelex Xobeh
Okawaru
Qazlal
Ru
Sif Muna
Trog
Uskayaw
Vehumet
Wu Jian

Annotations:
D:3 2 runed translucent doors, Crazy Yiuf; joebiden's ghost, amateur MeEE


Innate Abilities, Weirdness & Mutations

You have sharp fingernails.
You sometimes gain a little power by taking damage.
You regenerate magic rapidly.


Message History

Press: ? - help, Shift-Dir - straight line, f/p - orc
Aim: an orc, wielding a +0 short sword and wearing a +0 leather armour (lightly wounded, poisoned, 74% to hit)
The sting hits the orc.
The orc looks even sicker.
The orc is severely wounded.
You kill the orc!
Vehumet accepts your kill.
The orc priest hits you with a +0 dagger.
* * * LOW HITPOINT WARNING * * *
You hit the orc priest but do no damage.
Your weapon exudes an aura of protection.
The orc priest is moderately wounded.
You block the orc priest's attack.
Casting: Sting (safe; 4% risk of failure)
Confirm with . or Enter, or press ? or * to list all spells.
Aiming: Sting (safe; 4% risk of failure)
Press: ? - help, Shift-Dir - straight line, f - orc priest
Aim: an orc priest, wielding a +0 dagger and wearing a +0 leather armour (heavily wounded, poisoned, 74% to hit)
The sting hits the orc priest but does no damage.
The orc priest looks even sicker.
The orc priest is heavily wounded.
You block the orc priest's attack.
You hit the orc priest but do no damage.
The orc priest is heavily wounded.
The orc priest closely misses you.
You barely miss the orc priest.
The orc priest is severely wounded.
The orc priest hits you but does no damage.
The orc priest mumbles some strange prayers to Beogh against you.
You resist with some effort.
Casting: Sting (safe; 4% risk of failure)
Confirm with . or Enter, or press ? or * to list all spells.
Aiming: Sting (safe; 4% risk of failure)
Press: ? - help, Shift-Dir - straight line, f/p - orc priest
Aim: an orc priest, wielding a +0 dagger and wearing a +0 leather armour (severely wounded, very poisoned, 74% to hit)
The sting hits the orc priest but does no damage.
The orc priest looks even sicker.
The orc priest is severely wounded.
The orc priest mumbles some strange prayers to Beogh against you.
Beogh smites you!
You die...

######## #......#
####).o@..###
#.)'........##########
#.##)............#...#
#.............#...#
#.............#...###
#....................
#......#†#.........##
#......#.#.........#
###.#....#(........##


You could see an orc priest (very poisoned).

Vanquished Creatures
  A scorpion (D:5)
  A hound (D:3)
  An orc wizard (D:3)
  5 adders
  2 worms
  3 dart slugs
  8 orcs
  9 ball pythons
  3 bats
  4 endoplasms
  3 giant cockroaches
  5 goblins
  A hobgoblin (D:1)
  15 jackals
  7 kobolds
  3 quokkas
  3 frilled lizards
  4 rats
78 creatures vanquished.

Vanquished Creatures (others)
  A plant (D:1)
1 creature vanquished.

Grand Total: 79 creatures vanquished

Notes
Turn   | Place    | Note
-------+----------+-------------------------------------------
     0 | D:1      | gelatine the Demonspawn Venom Mage began the quest for the
                  | Orb.
     0 | D:1      | Reached XP level 1. HP: 13/13 MP: 3/3
   445 | D:1      | Gained mutation: You have sharp fingernails. [demonic
                  | ancestry]
   445 | D:1      | Reached XP level 2. HP: 17/19 MP: 0/5
  1086 | D:1      | Reached skill level 1 in Transmutations
  1086 | D:1      | Gained mutation: You regenerate magic rapidly. [demonic
                  | ancestry]
  1086 | D:1      | Reached XP level 3. HP: 24/24 MP: 0/6
  1486 | D:2      | Learned a level 2 spell: Poisonous Vapours
  1490 | D:2      | Learned a level 3 spell: Mephitic Cloud
  1805 | D:2      | Gained mutation: You sometimes gain a little power by
                  | taking damage. [demonic ancestry]
  1805 | D:2      | Reached XP level 4. HP: 29/30 MP: 2/8
  2395 | D:3      | Found a runed translucent door.
  2398 | D:3      | Noticed joebiden's ghost (amateur MeEE)
  2638 | D:3      | Reached skill level 4 in Poison Magic
  2756 | D:3      | Reached XP level 5. HP: 22/35 MP: 1/10
  2926 | D:3      | Found a runed translucent door.
  2927 | D:3      | Noticed Crazy Yiuf
  3080 | D:3      | You fall into a shaft and drop 3 floors!
  3243 | D:5      | Entered Level 5 of the Dungeon
  3252 | D:5      | Found a staircase to the Ecumenical Temple.
  3335 | Temple   | Entered the Ecumenical Temple
  3341 | Temple   | Became a worshipper of Vehumet
  3567 | D:4      | Killed from afar by an orc priest

Illustrated notes

Levels and vault maps discovered:
D:1:      spicycebolla_arrival_clurvy, layout_basic, serial_bayou_pond_b
D:2:      layout_basic, nicolae_concentric_dashed_squares_mild
D:3:      cheibrodos_thug_alley, layout_loops_ring, marbit_many_paths,
          ebering_ghost_sewer_d, minivault_25, bh_walls_and_bars,
          uniq_crazy_yiuf_cottage, uniq_grinder, uniq_sigmund
D:4:      layout_basic
D:5:      layout_basic, mainiacjoe_overflow_alcove_1,
          nicolae_gozag_seed_capital, minmay_temple_entry_large_hall,
          uniq_duvessa
D:6:      layout_rooms, chequers_arboretum, uniq_blork_the_orc
Temple:   sentei_temple_godly_chess

Skill      XL: |  1  2  3  4  5 |
---------------+----------------+-----
Transmutations | 1 2 |  2.4
Dodging        | 2 |  2.1
Spellcasting   | 3 |  3.6
Poison Magic   | 4 |  4.5
Fighting       | |  0.2
Short Blades   | |  0.1
Polearms       | |  0.3
Stealth        | |  1.9
Shields        | |  0.3
Conjurations   | |  0.1

Action                   |  1- 3 |  4- 6 || total
-------------------------+-------+-------++-------
Melee: Short sword       |    35 |       ||    35
       Unarmed           |     1 |       ||     1
       Rapier            |    11 |     6 ||    17
       Spear             |     9 |     8 ||    17
       Dagger            |       |     3 ||     3
 Cast: Sting             |    55 |   101 ||   156
  Use: Scroll            |       |     6 ||     6
Armor: Robe              |    12 |    12 ||    24
Dodge: Dodged            |    33 |    37 ||    70
Block: Buckler           |    21 |    18 ||    39
